 Dungeon Crawl Stone Soup version 0.22.1-2-g9c5b331383 (webtiles) character file.

1504 cevad the Archer (level 8, -4/70 HPs)
             Began as a Minotaur Hunter on Dec 24, 2018.
             Killed from afar by an orc wizard (9 damage)
             ... with a magic dart
             ... on level 7 of the Dungeon.
             The game lasted 00:42:54 (6968 turns).

cevad the Archer (Minotaur Hunter)                  Turns: 6968, Time: 00:42:55

Health: -4/70      AC:  4    Str: 17    XL:     8   Next: 52%
Magic:  7/7        EV: 16    Int:  8    God:
Gold:   242        SH:  0    Dex: 13    Spells: 7/7 levels left

rFire    + . .     SeeInvis .   v - +6 club
rCold    . . .     Gourm    .   (no shield)
rNeg     . . .     Faith    .   c - +0 leather armour
rPois    .         Spirit   .   (helmet unavailable)
rElec    .         Reflect  .   (no cloak)
rCorr    .         Harm     +   (no gloves)
MR       .....                  w - +0 pair of boots
Stlth    ++........             m - amulet of harm
HPRegen  0.21/turn              h - ring of protection from fire
MPRegen  0.10/turn              s - +3 ring of evasion

@: no status effects
A: retaliatory headbutt, horns 3, sense surroundings 1
a: no special abilities


You were on level 7 of the Dungeon.
You were not hungry.

You visited 1 branch of the dungeon, and saw 7 of its levels.

You collected 242 gold pieces.

Inventory:

Hand Weapons
 a - a +2 shortbow
 i - a +0 shortbow
 j - a +0 giant spiked club
 p - a +0 hunting sling
 q - a cursed +0 whip
 r - a +0 shortbow
 v - a +6 club (weapon)
 D - a +0 hand axe
Missiles
 b - 7 tomahawks
 d - 90 arrows
 g - 146 stones (quivered)
 l - 12 bolts
 y - 23 sling bullets
 C - 3 tomahawks of returning
 G - a throwing net
Armour
 c - a +0 leather armour (worn)
 e - a +0 helmet
 t - a +0 robe
 w - a +0 pair of boots (worn)
 x - a cursed +0 chain mail
 E - a +0 robe
Jewellery
 h - a ring of protection from fire (left hand)
 m - an amulet of harm (around neck)
 s - a +3 ring of evasion (right hand)
Wands
 u - a wand of random effects (26)
Scrolls
 k - 3 scrolls of identify
 n - a scroll of amnesia
 o - a scroll of teleportation
Potions
 z - a potion of lignification
 B - a potion of resistance
Comestibles
 f - 7 rations
 F - 2 chunks of flesh


   Skills:
 + Level 5.8 Fighting
   Level 0.4 Short Blades
 + Level 0.5 Maces & Flails
 + Level 10.3 Bows
 + Level 0.6 Throwing
 + Level 3.4 Armour
 + Level 3.1 Dodging
 + Level 1.7 Stealth


You had 7 spell levels left.
You didn't know any spells.
Your spell library contained the following spells:

 Spells                   Type           Power        Failure   Level  Hunger
 Animate Skeleton         Necr           N/A          45%         1    ##.....
 Pain                     Necr           #...         45%         1    ##.....
 Regeneration             Chrm/Necr      #.........   83%         3    ####...
 Vampiric Draining        Necr           #.........   83%         3    ####...
 Animate Dead             Necr           N/A          99%         4    #####..


Dungeon Overview and Level Annotations

Branches:
Dungeon (7/15)             Temple (0/1) D:7

Altars:
Ashenzari
Dithmenos
Sif Muna
Wu Jian
Yredelemnul
Zin

Annotations:
D:7 Dowan, Duvessa


Innate Abilities, Weirdness & Mutations

You reflexively headbutt those who attack you in melee.
You have a pair of large horns on your head.
You passively map a small area around you.


Message History

You kill the orc priest!
You hear some strange, mumbled words.
A magic dart appears from out of thin air!
The magic dart hits you!
* * * LOW HITPOINT WARNING * * *
Something hits you.
* * * LOW HITPOINT WARNING * * *
Items here: ( ) ? † a flail; 16 stones; a scroll labeled VYTIMOY YGHOKK; an orc corpse Something barely misses you.
Things that are here:
5 gold pieces; an arrow
There is a strange disturbance nearby!
Something hits you.
* * * LOW HITPOINT WARNING * * *
Items here: ( ) ? † a flail; 16 stones; a scroll labeled VYTIMOY YGHOKK; an orc corpse A magic dart appears from out of thin air!
The magic dart hits you!
You die...

* * , , , ,, , , , * *, ,
, ,, ,, , * , ** , , * , ,
* ####+#######+#######'
#.................... ,
#..........@)$....((.
######.........((({.(.....
*
.......##+#######+#######'
######## , * ** , ,* , ,
,, , , , , ,* , * ,, , , *
, , #######,, , ###, ,


There were no monsters in sight!

Vanquished Creatures
  Menkaure (D:5)
  An orc warrior (D:6)
  A sky beast (D:7)
  An ice beast (D:7)
  An ogre (D:4)
  A centaur (D:6)
  Blork the orc (D:5)
  2 bullfrogs
  A scorpion (D:4)
  A howler monkey (D:6)
  3 crimson imps
  2 jellies
  An orc priest (D:7)
  7 orc wizards
  A centaur skeleton (D:6)
  Ijyb (D:5)
  A hound skeleton (D:7)
  8 adders
  2 shadow imps
  A worm (D:3)
  4 dart slugs
  3 leopard geckos
  20 orcs
  6 bats
  3 giant cockroaches
  10 goblins
  6 hobgoblins
  5 jackals
  2 quokkas
  A ball python (D:5)
  A frilled lizard (D:1)
  A jackal zombie (D:6)
  11 kobolds
  12 rats
123 creatures vanquished.

Notes
Turn   | Place    | Note
-------+----------+-------------------------------------------
     0 | D:1      | cevad the Minotaur Hunter began the quest for the Orb.
     0 | D:1      | Reached XP level 1. HP: 18/18 MP: 0/0
   147 | D:1      | Reached XP level 2. HP: 25/25 MP: 1/1
   218 | D:1      | Reached skill level 5 in Bows
   848 | D:1      | Reached XP level 3. HP: 22/30 MP: 2/2
  1033 | D:2      | Found a shadowy altar of Dithmenos.
  1042 | D:2      | Found a deep blue altar of Sif Muna.
  1462 | D:2      | Reached XP level 4. HP: 32/37 MP: 3/3
  1600 | D:2      | Reached skill level 1 in Stealth
  1714 | D:2      | Gained mutation: You have a pair of large horns on your
                  | head. [potion of mutation]
  1714 | D:2      | Gained mutation: You passively map a small area around you.
                  | [potion of mutation]
  2200 | D:3      | Reached skill level 6 in Bows
  2211 | D:2      | Reached skill level 1 in Armour
  2419 | D:3      | Reached XP level 5. HP: 41/45 MP: 4/4
  2436 | D:3      | Found a deep blue altar of Sif Muna.
  2970 | D:3      | Reached skill level 7 in Bows
  3167 | D:4      | Reached XP level 6. HP: 51/51 MP: 5/5
  3283 | D:4      | Found an ornate altar of the Wu Jian Council.
  3335 | D:4      | Found a basalt altar of Yredelemnul.
  4035 | D:5      | Entered Level 5 of the Dungeon
  4111 | D:5      | Noticed Ijyb
  4119 | D:5      | Killed Ijyb
  4357 | D:5      | Noticed Blork the orc
  4423 | D:5      | You fall through a shaft!
  4466 | D:5      | Noticed Menkaure
  4770 | D:6      | Noticed an orc warrior
  4775 | D:6      | Killed an orc warrior
  4775 | D:6      | Reached skill level 8 in Bows
  4775 | D:6      | Reached XP level 7. HP: 58/58 MP: 6/6
  5131 | D:6      | Reached skill level 9 in Bows
  5702 | D:5      | Killed Menkaure
  5702 | D:5      | Reached skill level 5 in Fighting
  5702 | D:5      | Reached XP level 8. HP: 30/68 MP: 7/7
  5904 | D:5      | Killed Blork the orc
  5988 | D:5      | Found a shattered altar of Ashenzari.
  6407 | D:7      | Found a staircase to the Ecumenical Temple.
  6705 | D:7      | Reached skill level 10 in Bows
  6801 | D:7      | Noticed Duvessa
  6801 | D:7      | Noticed Dowan
  6860 | D:7      | Found a glowing silver altar of Zin.
  6968 | D:7      | Killed from afar by an orc wizard

Skill      XL: |  1  2  3  4  5  6  7  8 |
---------------+-------------------------+-----
Bows           | 5 6 7 8 9 10 | 10.3
Stealth        | 1 |  1.7
Fighting       | 3 5 |  5.8
Armour         | 1 2 3 |  3.4
Dodging        | 3 |  3.1
Short Blades   | |  0.4
Maces & Flails | |  0.5
Throwing       | |  0.6

Action                   |  1- 3 |  4- 6 |  7- 9 || total
-------------------------+-------+-------+-------++-------
Melee: Short sword       |     9 |    14 |       ||    23
       Headbutt          |     2 |     3 |     9 ||    14
       Club              |       |       |    39 ||    39
 Fire: Shortbow          |    86 |   137 |   105 ||   328
Throw: Stone             |       |    20 |     5 ||    25
  Use: Potion            |     3 |     8 |     2 ||    13
       Scroll            |     2 |     9 |     1 ||    12
  Eat: Ration            |     1 |     2 |     2 ||     5
       Chunk             |       |     1 |     2 ||     3
Armor: Leather armour    |    13 |    11 |    11 ||    35
Dodge: Dodged            |    20 |    43 |    51 ||   114
